 Dungeon Crawl Stone Soup version 0.26-a0-683-g5206c1d7ac (webtiles) character file.

Game seed: 5726906300492088816

34 1lairlessfox the Stinger (level 3, -1/20 HPs)
             Began as a Gargoyle Venom Mage on Oct 22, 2020.
             Slain by a jackal (2 damage)
             ... on level 1 of the Dungeon.
             The game lasted 00:09:45 (1584 turns).

1lairlessfox the Stinger (Gargoyle Venom Mage)      Turns: 1584, Time: 00:09:47

Health: -1/20      AC:  5    Str: 11    XL:     3   Next: 31%
Magic:  3/6        EV: 12    Int: 16    God:
Gold:   30         SH:  0    Dex: 14    Spells: 6/7 levels left

rFire    . . .     SeeInvis .   d - +0 short sword
rCold    . . .     Faith    .   (no shield)
rNeg     + . .     Spirit   .   a - +0 robe
rPois    ∞         Reflect  .   (helmet restricted)
rElec    +         Harm     .   (no cloak)
rCorr    .         Rampage  .   (no gloves)
MR       .....                  (no boots)
Stlth    ++++......             (no amulet)
HPRegen  0.06/turn              (no ring)
MPRegen  0.10/turn              (no ring)

@: no status effects
A: hooves 1, horns 1, thin skeletal structure 2, negative energy resistance 1,
electricity resistance, unbreathing, petrification resistance, rot immunity, AC
+3
a: no special abilities


You were on level 1 of the Dungeon.
You visited 1 branch of the dungeon, and saw 2 of its levels.

You collected 30 gold pieces.

Inventory:

Hand Weapons
 d - a +0 short sword (weapon)
 h - a cursed -2 dagger
 i - a +0 club
 j - a +0 club
 k - a +0 dagger
 l - a +0 short sword
Missiles
 b - 29 stones (quivered)
 f - 14 poisoned darts
Armour
 a - a +0 robe (worn)
Scrolls
 e - a scroll of remove curse
Potions
 g - a potion of heal wounds {unknown}


   Skills:
 + Level 0.7 Fighting
 + Level 1.7 Dodging
 + Level 2.2 Stealth
 + Level 0.6 Unarmed Combat
 + Level 2.5 Spellcasting
 + Level 1.0 Transmutations
 + Level 3.3 Poison Magic


You had 6 spell levels left.
You knew the following spells:

 Your Spells              Type           Power        Failure   Level
a - Sting                 Tmut/Pois      #...         9%          1

Your spell library contained the following spells:

 Spells                   Type           Power        Failure   Level
 Poisonous Vapours        Pois/Air       #.....       16%         2
 Ignite Poison            Fire/Tmut/Pois #.......     32%         3
 Mephitic Cloud           Conj/Pois/Air  #.......     36%         3
 Olgreb's Toxic Radiance  Pois           ##......     43%         4


Dungeon Overview and Level Annotations

Branches:
Dungeon (2/15)

Altars:
Nemelex Xobeh


Innate Abilities, Weirdness & Mutations

You are resistant to torment.
Your stone body is resilient. (AC +3)
You are immune to poison.
You resist negative energy. (rN+)
You are resistant to electric shocks. (rElec)
You can survive without breathing.
You are immune to petrification.
You are immune to rotting.
You have large cloven feet.
You have a pair of small horns on your head.
You have a moderately thin skeletal structure. (Dex +4, Stealth+)


Message History

The jackal misses you. The jackal bites you.
* * * LOW HITPOINT WARNING * * *
You see here a giant cockroach corpse.
The jackal bites you.
* * * LOW HITPOINT WARNING * * *
There is a stone staircase leading up here.
The jackal barely misses you.
The jackal bites you but does no damage.
You climb upwards.
There is a stone staircase leading down here.
Casting: Sting (safe; 9% risk of failure)
Confirm with . or Enter, or press ? or * to list all spells.
Aiming: Sting (safe; 9% risk of failure)
Press: ? - help, Shift-Dir - straight line, f - jackal
Aim: a jackal The sting hits the jackal.
The jackal is poisoned.
The jackal is lightly wounded.
The jackal bites you.
You die...

#......#########..########...#
#......†..........†.....†.....
#.....##.........###########.#
#.....##.###.##### #..
##.......# #..g ##. #.#######
###.... ####. ###.# ###.
#######.... #...#
###########.##......†... ##.##
#.....h@>......##....### #.#
#####..####...##..#### #.#
##..## #.##.## #.#
##..####.##.######. #.#
##................ #.##
#.....##...####.# ####..####
##........†# #........#
#....###..# #........# ######
#..##


You could see a jackal (poisoned).

Vanquished Creatures
  2 adders (D:2)
  A leopard gecko (D:1)
  A giant cockroach (D:2)
  2 goblins (D:1)
  2 hobgoblins (D:1)
  A jackal (D:2)
  2 kobolds (D:1)
  2 bats (D:1)
  A frilled lizard (D:1)
  A rat (D:1)
  A bush (D:1)
16 creatures vanquished.

Vanquished Creatures (others)
  3 plants (D:1)
3 creatures vanquished.

Grand Total: 19 creatures vanquished

Notes
Turn   | Place    | Note
-------+----------+-------------------------------------------
     0 | D:1      | 1lairlessfox the Gargoyle Venom Mage began the quest for
                  | the Orb.
     0 | D:1      | Reached XP level 1. HP: 10/10 MP: 3/3
  1281 | D:1      | Reached XP level 2. HP: 15/15 MP: 3/5
  1364 | D:1      | Reached skill level 1 in Transmutations
  1473 | D:2      | Reached XP level 3. HP: 15/19 MP: 0/6
  1535 | D:2      | Found a sparkling altar of Nemelex Xobeh.
  1559 | D:2      | Gained mutation: You have a somewhat thin skeletal
                  | structure. (Dex +2, Stealth) [potion of mutation]
  1559 | D:2      | Gained mutation: You have a moderately thin skeletal
                  | structure. (Dex +4, Stealth+) [potion of mutation]
  1559 | D:2      | Gained mutation: You have large cloven feet. [potion of
                  | mutation]
  1559 | D:2      | Gained mutation: You have a pair of small horns on your
                  | head. [potion of mutation]
  1579 | D:2      | HP: 1/20 [jackal (2)]
  1584 | D:1      | Slain by a jackal

Illustrated notes

Levels and vault maps discovered:
D:1:      sevenhm_arrival_forest_fort_small_4, layout_rooms
D:2:      layout_rooms, nemelex_xobeh_ov_fountains_minmay,
          chequers_ecumenical_altar_simple

Skill      XL: |  1  2 |
---------------+-------+-----
Transmutations | 1 |  1.0
Fighting       | |  0.7
Dodging        | |  1.7
Stealth        | |  2.2
Unarmed Combat | |  0.6
Spellcasting   | |  2.5
Poison Magic   | |  3.3

Action                   || total
-------------------------++-------
Melee: Unarmed           ||   719
       Short sword       ||    17
Throw: Stone             ||     5
 Cast: Sting             ||    21
  Use: Scroll            ||     1
       Potion            ||     1
Armor: Robe              ||    35
Dodge: Dodged            ||    97

Table legend: (Time is in decaauts)
 A = Elapsed time spent in this place.
 B = Non-inter-level travel time spent in this place.
 C = Inter-level travel time spent in this place.
 D = Time resting spent in this place.
 E = Time spent auto-exploring this place.
 F = Levels seen in this place.
 G = Mean time per level.
                   A        B        C        D        E       F      G
               +--------+--------+--------+--------+--------+-----+--------+
         Total |   1586 |   1586 |      0 |    377 |      0 |   2 |  793.0 |
       Dungeon |   1586 |   1586 |      0 |    377 |      0 |   2 |  793.0 |
               +--------+--------+--------+--------+--------+-----+--------+

Top non-repeatable levels by time:
     D:1: 1459 daAuts
     D:2: 126 daAuts
